 Dungeon Crawl Stone Soup version 0.27.0-1-g7a089689b8 (webtiles) character file.

Game seed: 13242666691433755769

674 Acheron the Ruffian (level 7, -3/62 HPs)
             Began as a Troll Venom Mage on Aug 12, 2021.
             Was an Initiate of Ru.
             Slain by Pikel (12 damage)
             ... on level 4 of the Dungeon.
             The game lasted 00:18:29 (2508 turns).

Acheron the Ruffian (Troll Venom Mage)              Turns: 2508, Time: 00:18:29

Health: -3/62      AC:  4    Str: 17    XL:     7   Next: 33%
Magic:  8/8        EV:  7    Int: 11    God:    Ru [......]
Gold:   115        SH:  8    Dex: 12    Spells: 8/9 levels left

rFire    . . .     SeeInvis .     - Unarmed
rCold    . . .     Faith    .   f - +2 kite shield
rNeg     . . .     Spirit   .   a - +0 robe
rPois    .         Reflect  .   (helmet restricted)
rElec    .         Harm     .   (no cloak)
rCorr    .         Rampage  .   (gloves unavailable)
Will     .....                  (boots unavailable)
Stlth    ++........             s - amulet of regeneration
HPRegen  2.20/turn              (no ring)
MPRegen  0.11/turn              (no ring)

@: no status effects
A: large, unfitting armour, claws 3, regeneration 1, shaggy fur 1, tough skin 1,
disrupted magic 1
a: Renounce Religion


You were on level 4 of the Dungeon.
You worshipped Ru.
Ru was noncommittal.
You visited 1 branch of the dungeon, and saw 5 of its levels.

You collected 115 gold pieces.

Inventory:

Hand Weapons
 d - a +3 dire flail of protection
 v - a +2 mace of holy wrath
Missiles
 b - 84 stones
 j - 8 boomerangs (quivered)
 n - 10 poisoned darts
Armour
 a - a +0 robe (worn)
 f - a +2 kite shield (worn)
Magical Staves
 m - a staff of cold
Jewellery
 s - an amulet of regeneration (around neck)
 u - a ring of fire
Scrolls
 q - a scroll of enchant armour {unknown}
 r - a scroll of vulnerability {unknown}
Potions
 c - a potion of cancellation {unknown}
 e - a potion of lignification
 i - a potion of ambrosia {unknown}
 p - a potion of curing


   Skills:
 * Level 1.4 Fighting
 * Level 1.5 Throwing
 * Level 3.3 Dodging
 * Level 1.6 Stealth
 * Level 5.0 Unarmed Combat
 * Level 1.8 Spellcasting
 + Level 1.1 Transmutations
 + Level 2.4 Poison Magic
 * Level 0.1 Evocations


You had 8 spell levels left.
You knew the following spells:

 Your Spells              Type           Power      Damage    Failure   Level
a - Sting                 Tmut/Pois      16%        1d3       77%         1

Your spell library contained the following spells:

 Spells                   Type           Power      Damage    Failure   Level
 Poisonous Vapours        Pois/Air       6%         N/A       92%         2
 Sublimation of Blood     Necr           0%         N/A       98%         2
 Mephitic Cloud           Conj/Pois/Air  2%         N/A       99%         3
 Olgreb's Toxic Radiance  Pois           6%         N/A       100%        4
 Petrify                  Tmut/Erth      2%         N/A       100%        4
 Irradiate                Conj/Tmut      1%         3d14      100%        5


Dungeon Overview and Level Annotations

Branches:
Dungeon (5/15)
 Temple: D:4-7

Altars:
Cheibriados
Ru

Shops:
D:3 [

Annotations:
D:2 1 runed translucent door, Crazy Yiuf
D:4 Pikel


Innate Abilities, Weirdness & Mutations

You are too large for most types of armour.
You have claws for hands.
Your natural rate of healing is unusually fast.
You are covered in fur. (AC +1)
You have tough skin. (AC +1)
Your casting is slightly disrupted.


Message History

You throw a boomerang. The boomerang hits Pikel.
Pikel is lightly wounded.
Throw: 8 boomerangs
Press: ? - help, Q - select action, (/) - cycle Shift-Dir - straight line, f/p - Pikel
Aim: Pikel, wielding a +2 whip of electrocution and wearing a +0 robe (lightly wounded, 45% to hit)
You throw a boomerang.
The boomerang hits Pikel but does no damage.
Pikel is lightly wounded.
Throw: 8 boomerangs
Press: ? - help, Q - select action, (/) - cycle Shift-Dir - straight line, f/p - Pikel
Aim: Pikel, wielding a +2 whip of electrocution and wearing a +0 robe (lightly wounded, 45% to hit)
You throw a boomerang. The boomerang hits Pikel.
Pikel is lightly wounded.
A lemure comes into view.
Throw: 8 boomerangs
Press: ? - help, Q - select action, (/) - cycle Shift-Dir - straight line, f/p - Pikel
Aim: Pikel, wielding a +2 whip of electrocution and wearing a +0 robe (lightly wounded, 47% to hit)
You throw a boomerang. The lemure shouts!
The boomerang hits Pikel but does no damage.
Pikel is lightly wounded.
You hear a shout!
A lemure comes into view.
You closely miss Pikel.
Pikel is lightly wounded.
You block Pikel's attack.
A lemure comes into view.
Pikel hits you with a +2 whip of electrocution!
You scratch Pikel.
Pikel is lightly wounded.
Pikel hits you with a +2 whip of electrocution!
You are electrocuted!
You barely miss Pikel.
Pikel is lightly wounded.
Pikel hits you with a +2 whip of electrocution!
You are electrocuted!
Pikel hits you with a +2 whip of electrocution!
* * * LOW HITPOINT WARNING * * *
You are electrocuted!
You die...

#.#.#.##### ###
#.##### #.# ......
#.# ...... #.#
#.####.## #.# #.#
# #.# #.# #.# #.#
#@######.#.#
#.K5555..#.#
#.########.#######
#.................
##################


You could see Pikel and 4 lemures.

Vanquished Creatures
  Edmund (D:4)
  2 phantoms (D:4)
  A scorpion (D:4)
  2 hounds (D:4)
  2 orc priests (D:3)
  An iguana (D:3)
  A howler monkey skeleton (D:4)
  3 adders (D:2)
  7 gnolls
  2 worms
  3 dart slugs
  6 orcs
  4 ball pythons
  5 bats
  7 endoplasms
  8 goblins
  7 hobgoblins
  15 jackals
  6 kobolds
  4 quokkas
  9 frilled lizards
  7 rats
103 creatures vanquished.

Notes
Turn   | Place    | Note
-------+----------+-------------------------------------------
     0 | D:1      | Acheron the Troll Venom Mage began the quest for the Orb.
     0 | D:1      | Reached XP level 1. HP: 16/16 MP: 1/1
   119 | D:1      | Reached XP level 2. HP: 22/24 MP: 2/2
   214 | D:1      | Reached skill level 1 in Transmutations
   368 | D:1      | Reached XP level 3. HP: 31/31 MP: 4/4
   569 | D:1      | Found a faded altar of an unknown god.
   582 | D:1      | Became a worshipper of Ru the Awakened
   596 | D:1      | Gained mutation: Your casting is slightly disrupted. [Ru
                  | sacrifice]
   631 | D:2      | Reached skill level 1 in Unarmed Combat
   712 | D:2      | Found a runed translucent door.
   713 | D:2      | Noticed Crazy Yiuf
   751 | D:2      | Found a snail-covered altar of Cheibriados.
   895 | D:2      | Reached XP level 4. HP: 28/40 MP: 5/5
  1107 | D:2      | Reached skill level 2 in Unarmed Combat
  1359 | D:4      | Noticed a phantom
  1375 | D:4      | Killed a phantom
  1376 | D:4      | Reached skill level 3 in Unarmed Combat
  1376 | D:4      | Reached XP level 5. HP: 41/46 MP: 6/6
  1407 | D:3      | Found Vacia's Antique Armour Shop.
  1560 | D:4      | Noticed a phantom
  1583 | D:4      | Killed a phantom
  1584 | D:4      | Reached skill level 1 in Fighting
  1584 | D:4      | Reached XP level 6. HP: 30/55 MP: 7/7
  1629 | D:4      | Noticed Edmund
  1709 | D:3      | Reached skill level 1 in Throwing
  1714 | D:3      | Reached skill level 4 in Unarmed Combat
  2158 | D:5      | Entered Level 5 of the Dungeon
  2191 | D:4      | Killed Edmund
  2192 | D:4      | Reached XP level 7. HP: 38/62 MP: 8/8
  2373 | D:4      | Reached skill level 5 in Unarmed Combat
  2500 | D:4      | Noticed Pikel
  2508 | D:4      | Slain by Pikel

Illustrated notes

Levels and vault maps discovered:
D:1:      eino_arrival_cavern_c, layout_rooms, ebering_ecumenical_altar_rust
D:2:      layout_loops_ring, basic_altar, minivault_27,
          minmay_misc_feat_more_columns, uniq_crazy_yiuf_cottage
D:3:      layout_basic, serial_shops, shop, minmay_ruptured
D:4:      layout_basic, serial_shops, nicolae_shop_competitors_out_of_business,
          uniq_edmund, uniq_pikel
D:5:      minmay_angry_zag, layout_basic

Skill      XL: |  1  2  3  4  5  6  7 |
---------------+----------------------+-----
Transmutations | 1 |  1.1
Dodging        | 2 3 |  3.3
Unarmed Combat | 1 3 4 5 |  5.0
Fighting       | 1 |  1.4
Throwing       | 1 |  1.5
Stealth        | |  1.6
Spellcasting   | |  1.8
Poison Magic   | |  2.4
Evocations     | |  0.1

Action                   |  1- 3 |  4- 6 |  7- 9 || total
-------------------------+-------+-------+-------++-------
Melee: Unarmed           |   141 |   185 |    41 ||   367
       Punch             |       |     4 |       ||     4
Throw: Boomerang         |       |     3 |     4 ||     7
       Throwing net      |       |     1 |       ||     1
 Cast: Sting             |     1 |       |       ||     1
Invok: Sacrifice Essence |     1 |       |       ||     1
  Use: Scroll            |       |     8 |       ||     8
 Stab: Sleeping          |     1 |     1 |       ||     2
       Held in net/web   |       |     1 |       ||     1
Armor: Robe              |    66 |    38 |    10 ||   114
Dodge: Dodged            |    90 |    97 |    16 ||   203
Block: Kite shield       |       |       |    12 ||    12
